PBL
MILWAUKEE BREWERS @ BALTIMORE ORIOLES
09/20/2070
 
TOP OF THE 1ST
Milwaukee Brewers batting - Pitching for Baltimore Orioles : RHP Gilberto Hernández
Pitching: RHP Gilberto Hernández
Batting: LHB John Brosseau 0-0: Ball
1-0: Foul Ball, location: 2F
1-1: SOLO HOME RUN (Flyball, 7D, EV 98.1 MPH), Distance : 378 ft
Batting: SHB Raúl Romero 0-0: DOUBLE (Line Drive, 89D, EV 99.4 MPH)
Batting: SHB Ray Day 0-0: Called Strike
0-1: Foul Ball, location: 2F
0-2: Ball
1-2: Foul Ball, location: 9LSF
1-2: SINGLE (Flyball, 9S, EV 100.6 MPH)
Raúl Romero to third
Batting: LHB Bing-zhang Sun 0-0: Fly out, F6 (Popup, 6, EV 55.0 MPH)
Batting: LHB Roberto Rodríguez 0-0: Ball
1-0: Ball
2-0: Ball
Wild Pitch!
Raúl Romero scores
Ray Day to second
3-0: Base on Balls
Batting: RHB Aaron Carlisle 0-0: Fly out, F8 (Flyball, 8LXD, EV 110.6 MPH)
Batting: RHB Troy Gunther 0-0: Ball
1-0: Called Strike
1-1: Foul Ball, location: 3FF
1-2: Fielders Choice at 2nd, U6 (Groundball, 6M, EV 102.5 MPH)
Top of the 1st over - 2 runs, 3 hits, 0 errors, 2 left on base; Milwaukee 2 - Baltimore 0
BOTTOM OF THE 1ST
Baltimore Orioles batting - Pitching for Milwaukee Brewers : RHP Joey Simons
Pitching: RHP Joey Simons
Batting: RHB Jeff Cox 0-0: Ball
1-0: Called Strike
1-1: Ball
2-1: Ball
3-1: Fly out, F8 (Flyball, 8LD, EV 98.1 MPH)
Batting: RHB Manny Rivera 0-0: Called Strike
0-1: Foul Ball, location: 2LF
0-2: Ball
1-2: Fly out, F9 (Flyball, 9, EV 87.5 MPH)
Batting: LHB Roberto Snyder 0-0: Ball
1-0: Ball
2-0: Called Strike
2-1: Foul Ball, location: 2F
2-2: Foul Ball, location: 7LSF
2-2: Ball
3-2: Strikes out looking
Bottom of the 1st over - 0 runs, 0 hits, 0 errors, 0 left on base; Milwaukee 2 - Baltimore 0
TOP OF THE 2ND
Milwaukee Brewers batting - Pitching for Baltimore Orioles : RHP Gilberto Hernández
Batting: RHB Mike Miller 0-0: Ball
1-0: Called Strike
1-1: Foul Ball, location: 7LSFF
1-2: Foul Ball, location: 9LDF
1-2: Strikes out swinging
Batting: RHB Steve White 0-0: Ball
1-0: Called Strike
1-1: Foul Ball, location: 2F
1-2: Ball
2-2: Foul Ball, location: 2F
2-2: Foul Ball, location: 2LF
2-2: Ground out 1-3 (Groundball, 13S, EV 67.5 MPH)
Batting: LHB John Brosseau 0-0: Ball
1-0: Ball
2-0: Called Strike
2-1: Foul Ball, location: 2F
2-2: Ball
3-2: Base on Balls
Batting: SHB Raúl Romero 0-0: Ball
1-0: Swinging Strike
1-1: Fly out, F8 (Flyball, 8LM, EV 86.3 MPH)
Top of the 2nd over - 0 runs, 0 hits, 0 errors, 1 left on base; Milwaukee 2 - Baltimore 0
BOTTOM OF THE 2ND
Baltimore Orioles batting - Pitching for Milwaukee Brewers : RHP Joey Simons
Batting: LHB Héctor Hernández 0-0: Ball
1-0: Ball
2-0: Ball
3-0: Called Strike
3-1: Base on Balls
Batting: SHB Curt Powell 0-0: Called Strike
0-1: Called Strike
0-2: Fly out, F7 (Flyball, 7D, EV 94.4 MPH)
Pitching: RHP Richard Powell
Batting: LHB Nicholas Bradley 0-0: Ball
1-0: Fielders Choice at 2nd, 4-6 (Groundball, 4, EV 103.1 MPH)
Batting: RHB Kelvin White 0-0: Ball
1-0: Foul Ball, location: 5DF
1-1: Ball
2-1: Ball
Nicholas Bradley is caught stealing 2nd base 2-4
Bottom of the 2nd over - 0 runs, 0 hits, 0 errors, 0 left on base; Milwaukee 2 - Baltimore 0
TOP OF THE 3RD
Milwaukee Brewers batting - Pitching for Baltimore Orioles : RHP Gilberto Hernández
Batting: SHB Ray Day 0-0: Called Strike
0-1: Swinging Strike
0-2: Ball
1-2: Strikes out swinging
Batting: LHB Bing-zhang Sun 0-0: Ball
1-0: Called Strike
1-1: Fly out, F8 (Flyball, 8RS, EV 91.9 MPH)
Batting: LHB Roberto Rodríguez 0-0: Ball
1-0: SINGLE (Groundball, 6MD, EV 106.3 MPH)
Batting: RHB Aaron Carlisle 0-0: Swinging Strike
0-1: Ball
1-1: Ball
2-1: Foul Ball, location: 2F
2-2: Fly out, F8 (Flyball, 8RD, EV 103.1 MPH)
Top of the 3rd over - 0 runs, 1 hit, 0 errors, 1 left on base; Milwaukee 2 - Baltimore 0
BOTTOM OF THE 3RD
Baltimore Orioles batting - Pitching for Milwaukee Brewers : RHP Richard Powell
Batting: RHB Kelvin White 0-0: Ground out 6-3 (Groundball, 6, EV 65.6 MPH)
Batting: RHB Mike Lansfor 0-0: Foul Ball, location: 3SF
0-1: Foul Ball, location: 5F
0-2: Strikes out swinging
Batting: RHB Kent Cox 0-0: Called Strike
0-1: Foul Ball, location: 3SF
0-2: Hit by Pitch
Batting: RHB Jeff Cox 0-0: Ball
1-0: Foul Ball, location: 7LSF
1-1: Foul Ball, location: 3SF
1-2: Ball
Kent Cox is caught stealing 2nd base 2-4
Bottom of the 3rd over - 0 runs, 0 hits, 0 errors, 0 left on base; Milwaukee 2 - Baltimore 0
TOP OF THE 4TH
Milwaukee Brewers batting - Pitching for Baltimore Orioles : RHP Gilberto Hernández
Batting: RHB Troy Gunther 0-0: Called Strike
0-1: Ball
1-1: Foul Ball, location: 2F
1-2: Ball
2-2: Ground out 5-3 (Groundball, 56S, EV 93.1 MPH)
Batting: RHB Mike Miller 0-0: Ball
1-0: Fly out, F8 (Line Drive, 8RD, EV 103.1 MPH)
Batting: RHB Steve White 0-0: Ball
1-0: Foul Ball, location: 2F
1-1: Ball
2-1: Ball
3-1: Swinging Strike
3-2: Foul Ball, location: 2F
3-2: Base on Balls
Batting: LHB John Brosseau 0-0: SINGLE (Groundball, 4M, EV 110.0 MPH)
Steve White to second
Runner from 2nd tries for 3rd, SAFE, throw by CF made to third
Batting: SHB Raúl Romero 0-0: Ball
1-0: SINGLE (Line Drive, 5D, EV 97.5 MPH)
Steve White scores
John Brosseau to second
Batting: SHB Ray Day 0-0: Ball
1-0: Ball
2-0: Called Strike
2-1: Swinging Strike
2-2: Strikes out swinging
Top of the 4th over - 1 run, 2 hits, 0 errors, 2 left on base; Milwaukee 3 - Baltimore 0
BOTTOM OF THE 4TH
Baltimore Orioles batting - Pitching for Milwaukee Brewers : RHP Richard Powell
Batting: RHB Jeff Cox 0-0: Ball
1-0: Called Strike
1-1: Foul Ball, location: 3SF
1-2: Foul Ball, location: 3DF
1-2: Ball
2-2: Foul Ball, location: 9LMF
2-2: Ground out 6-3 (Groundball, 6, EV 82.5 MPH)
Batting: RHB Manny Rivera 0-0: Foul Ball, location: 5FF
0-1: Ball
1-1: Ball
2-1: Called Strike
2-2: Strikes out swinging
Batting: LHB Roberto Snyder 0-0: Ground out U3 (Groundball, 3, EV 81.9 MPH)
Bottom of the 4th over - 0 runs, 0 hits, 0 errors, 0 left on base; Milwaukee 3 - Baltimore 0
TOP OF THE 5TH
Milwaukee Brewers batting - Pitching for Baltimore Orioles : RHP Gilberto Hernández
Batting: LHB Bing-zhang Sun 0-0: Ball
1-0: SINGLE (Line Drive, 8LS, EV 102.5 MPH)
Batting: LHB Roberto Rodríguez 0-0: Foul Ball, location: 9LMF
0-1: Ball
1-1: Foul Ball, location: 2RF
1-2: Fly out, F8 (Flyball, 78M, EV 100.0 MPH)
Batting: RHB Aaron Carlisle 0-0: Ball
1-0: Ball
2-0: Grounds into double play, 6-4-3 (Groundball, 6, EV 82.5 MPH)
Top of the 5th over - 0 runs, 1 hit, 0 errors, 0 left on base; Milwaukee 3 - Baltimore 0
BOTTOM OF THE 5TH
Baltimore Orioles batting - Pitching for Milwaukee Brewers : RHP Richard Powell
Batting: LHB Héctor Hernández 0-0: Ball
1-0: Ball
2-0: Foul Ball, location: 7LSF
2-1: Ball
3-1: SINGLE (Flyball, 8LS, EV 95.6 MPH)
Batting: SHB Curt Powell 0-0: Ball
1-0: Ball
2-0: Ball
3-0: Base on Balls
Héctor Hernández to second
Batting: LHB Nicholas Bradley 0-0: SINGLE (Groundball, 34D, EV 110.0 MPH)
Héctor Hernández to third
Curt Powell to second
Pinch Hitting: LHB Armando Martínez 0-0: Grounds into fielders choice 3-2 (Groundball, 3, EV 84.4 MPH)
Curt Powell to third
Nicholas Bradley to second
Pinch Hitting: LHB Bob Palmer 0-0: Ball
1-0: Ball
2-0: SINGLE (Groundball, 23, EV 68.8 MPH) (infield hit)
Curt Powell scores
Nicholas Bradley to third
Armando Martínez to second
Batting: RHB Kent Cox 0-0: Ball
1-0: Foul Ball, location: 2F
1-1: Ball
2-1: Foul Ball, location: 2F
2-2: Ball
3-2: Base on Balls
Nicholas Bradley scores
Armando Martínez to third
Bob Palmer to second
Batting: RHB Jeff Cox 0-0: Ball
1-0: Grounds into fielders choice 5-2 (Groundball, 56, EV 109.4 MPH)
Bob Palmer to third
Kent Cox to second
Batting: RHB Manny Rivera 0-0: Called Strike
0-1: Ball
1-1: Ball
2-1: Ball
3-1: Fly out, F9 (Flyball, 9LS, EV 93.8 MPH)
Bottom of the 5th over - 2 runs, 3 hits, 0 errors, 3 left on base; Milwaukee 3 - Baltimore 2
TOP OF THE 6TH
Milwaukee Brewers batting - Pitching for Baltimore Orioles : RHP Gilberto Hernández
Pitching: RHP Felipe Delgado
Now at 2B: Eliot Bernard
Now at 3B: Armando Martínez
Now at SS: Kent Cox
Batting: RHB Troy Gunther 0-0: Fly out, F6 (Popup, 6, EV 67.5 MPH)
Batting: RHB Mike Miller 0-0: Swinging Strike
0-1: Ball
1-1: Ball
2-1: Foul Ball, location: 5FF
2-2: Foul Ball, location: 2LF
2-2: Ball
3-2: DOUBLE (Flyball, 89XD, EV 98.1 MPH) - OUT at third base trying to stretch hit.
Batting: RHB Steve White 0-0: Ball
1-0: Ball
2-0: Foul Ball, location: 2F
2-1: Foul Ball, location: 2RF
2-2: Strikes out swinging
Top of the 6th over - 0 runs, 1 hit, 0 errors, 0 left on base; Milwaukee 3 - Baltimore 2
BOTTOM OF THE 6TH
Baltimore Orioles batting - Pitching for Milwaukee Brewers : RHP Richard Powell
Batting: LHB Roberto Snyder 0-0: DOUBLE (Flyball, 78D, EV 111.9 MPH)
Batting: LHB Héctor Hernández 0-0: Ball
1-0: Foul Ball, location: 2F
1-1: Ground out 2-3 (Groundball, 13S, EV 71.9 MPH)
Roberto Snyder to third
Batting: SHB Curt Powell 0-0: Ball
1-0: Ground out 6-3 (Groundball, 56, EV 91.3 MPH)
Batting: LHB Nicholas Bradley 0-0: DOUBLE (Flyball, 8LXD, EV 103.1 MPH)
Roberto Snyder scores
Batting: LHB Armando Martínez 0-0: Called Strike
0-1: 2-RUN HOME RUN (Flyball, 7D, EV 93.1 MPH), Distance : 361 ft
Pitching: RHP Robert Lee
Batting: RHB Eliot Bernard 0-0: Swinging Strike
0-1: Ground out 5-3 (Groundball, 56S, EV 71.3 MPH)
Bottom of the 6th over - 3 runs, 3 hits, 0 errors, 0 left on base; Milwaukee 3 - Baltimore 5
TOP OF THE 7TH
Milwaukee Brewers batting - Pitching for Baltimore Orioles : RHP Felipe Delgado
Batting: LHB John Brosseau 0-0: Foul Ball, location: 5FF
0-1: Ball
1-1: Called Strike
1-2: SINGLE (Groundball, 3S, EV 73.8 MPH) (infield hit)
Batting: SHB Raúl Romero 0-0: Called Strike
0-1: DOUBLE (Line Drive, 7LS, EV 96.3 MPH)
John Brosseau to third
Batting: SHB Ray Day 0-0: Called Strike
0-1: Foul Ball, location: 2F
0-2: Fielders Choice attempt at home, Runner SAFE. 6-2 (Groundball, 6MS, EV 82.5 MPH)
Raúl Romero to third
Batting: LHB Bing-zhang Sun 0-0: Ball
1-0: Fly out, F9 (Flyball, 9LD, EV 88.8 MPH)
Runner from 3rd tags up, SCORES, throw by RF
Batting: LHB Roberto Rodríguez 0-0: Called Strike
0-1: Swinging Strike
0-2: Strikes out looking
Pitching: LHP Matt Burford
Batting: RHB Aaron Carlisle 0-0: Ball
1-0: Ball
2-0: Called Strike
2-1: Swinging Strike
2-2: Foul Ball, location: 7LMF
2-2: Fly out, F8 (Flyball, 8LXD, EV 79.4 MPH)
Top of the 7th over - 2 runs, 2 hits, 0 errors, 1 left on base; Milwaukee 5 - Baltimore 5
BOTTOM OF THE 7TH
Baltimore Orioles batting - Pitching for Milwaukee Brewers : RHP Robert Lee
Batting: RHB Kent Cox 0-0: Ground out 4-3 (Groundball, 4, EV 108.8 MPH)
Batting: RHB Jeff Cox 0-0: Called Strike
0-1: Ball
1-1: Ball
2-1: Ball
3-1: Called Strike
3-2: Strikes out swinging
Batting: RHB Manny Rivera 0-0: Foul Ball, location: 2F
0-1: Ball
1-1: Foul Ball, location: 23F
1-2: Fly out, F9 (Flyball, 89D, EV 98.1 MPH)
Bottom of the 7th over - 0 runs, 0 hits, 0 errors, 0 left on base; Milwaukee 5 - Baltimore 5
TOP OF THE 8TH
Milwaukee Brewers batting - Pitching for Baltimore Orioles : LHP Matt Burford
Batting: RHB Troy Gunther 0-0: SINGLE (Groundball, 6S, EV 73.1 MPH) (infield hit)
Batting: RHB Mike Miller 0-0: Called Strike
0-1: Ball
1-1: SINGLE (Line Drive, 34D, EV 110.0 MPH)
Troy Gunther to second
Batting: RHB Steve White 0-0: Ball
1-0: Foul Ball, location: 25F
1-1: Foul Ball, location: 2F
1-2: Foul Ball, location: 9LMFF
1-2: Foul Ball, location: 5SF
1-2: Ball
2-2: Foul Ball, location: 9LDF
2-2: Fly out, F8 (Flyball, 8LD, EV 107.5 MPH)
Batting: LHB John Brosseau 0-0: Ball
1-0: Called Strike
1-1: Ball
2-1: Foul Ball, location: 2F
2-2: Ball
3-2: Strikes out swinging
Pitching: RHP Earl Dickerson
Batting: SHB Raúl Romero 0-0: Ball
1-0: Ball
2-0: Ball
3-0: Called Strike
3-1: SINGLE (Line Drive, 78M, EV 100.6 MPH)
Troy Gunther to third
Mike Miller to second
Runner from 3rd tries for Home, SAFE, throw by CF to home
Mike Miller to third
Raúl Romero to second
Batting: SHB Ray Day 0-0: Swinging Strike
0-1: Ball
1-1: Swinging Strike
1-2: Ball
2-2: Fly out, F8 (Line Drive, 8RM, EV 93.1 MPH)
Top of the 8th over - 1 run, 3 hits, 0 errors, 2 left on base; Milwaukee 6 - Baltimore 5
BOTTOM OF THE 8TH
Baltimore Orioles batting - Pitching for Milwaukee Brewers : RHP Robert Lee
Now at 3B: Salvador López
Now in LF: Troy Gunther
Now in CF: Stanley Hawkins
Batting: LHB Roberto Snyder 0-0: Called Strike
0-1: Swinging Strike
0-2: Ball
1-2: Ball
2-2: Foul Ball, location: 2F
2-2: Ball
3-2: Foul Ball, location: 25FF
3-2: Base on Balls
Batting: LHB Héctor Hernández 0-0: Ball
1-0: Foul Ball, location: 2F
1-1: Foul Ball, location: 3FF
1-2: Strikes out looking
Pitching: RHP Sam Gregory
Now in LF: Bryan Pérez
Now in RF: Troy Gunther
Batting: SHB Curt Powell 0-0: Ball
1-0: Ball
2-0: Ball
3-0: Called Strike
3-1: Base on Balls
Roberto Snyder to second
Batting: LHB Nicholas Bradley 0-0: SINGLE (Line Drive, 34, EV 94.4 MPH)
Roberto Snyder to third
Curt Powell to second
Runner from 3rd tries for Home, SAFE, throw by RF to home
Batting: LHB Armando Martínez 0-0: Ball
1-0: Ball
2-0: Foul Ball, location: 23FF
2-1: Ball
3-1: Base on Balls
Curt Powell to third
Nicholas Bradley to second
Pinch Hitting: LHB Phil Bastien 0-0: Foul Ball, location: 2F
0-1: Foul Ball, location: 25F
0-2: Foul Ball, location: 2F
0-2: Ball
1-2: Ball
2-2: Ball
3-2: Base on Balls
Curt Powell scores
Nicholas Bradley to third
Armando Martínez to second
Batting: RHB Kent Cox 0-0: Swinging Strike
0-1: Ball
1-1: Fly out, F9 (Line Drive, 89S, EV 96.9 MPH)
Runner from 3rd tags up, OUT at HOME! 9-2
Bottom of the 8th over - 2 runs, 1 hit, 0 errors, 2 left on base; Milwaukee 6 - Baltimore 7
TOP OF THE 9TH
Milwaukee Brewers batting - Pitching for Baltimore Orioles : RHP Earl Dickerson
Pitching: LHP Ernesto Cruz
Now at 2B: Armando Martínez
Now at 3B: Phil Bastien
Batting: LHB Bing-zhang Sun 0-0: Ground out 1-3 (Groundball, 13S, EV 66.3 MPH)
Batting: LHB Roberto Rodríguez 0-0: Called Strike
0-1: Ball
1-1: Foul Ball, location: 2F
1-2: Strikes out swinging
Batting: RHB Aaron Carlisle 0-0: Called Strike
0-1: Foul Ball, location: 23FF
0-2: Strikes out swinging
Top of the 9th over - 0 runs, 0 hits, 0 errors, 0 left on base; Milwaukee 6 - Baltimore 7
Saturday, February 17th , 2024 - OOTP Baseball 24.10 Build 82